 Dungeon Crawl Stone Soup version 0.20.1-1-g8b1a95d (webtiles) character file.

2449 renl the Transmogrifier (level 9, 0/54 HPs)
             Began as a Kobold Transmuter on July 16, 2017.
             Was a Priest of Cheibriados.
             Slain by an orc wizard
             ... wielding a +0 dagger
              (1 damage)
             ... on level 8 of the Dungeon.
             The game lasted 00:51:49 (7181 turns).

renl the Transmogrifier (Kobold Transmuter)         Turns: 7181, Time: 00:51:50

Health: 0/54       AC:  2    Str: 15    XL:     9   Next: 78%
Magic:  7/12       EV: 29    Int: 23    God:    Cheibriados [***...]
Gold:   282        SH:  0    Dex: 31    Spells: 6/12 levels left

rFire    . . .     SeeInvis .     - Unarmed
rCold    . . .     Gourm    .   (shield currently unavailable)
rNeg     . . .     Faith    .   (armour currently unavailable)
rPois    .         Spirit   .   (helmet currently unavailable)
rElec    .         Reflect  .   (cloak currently unavailable)
rCorr    .         Harm     .   (gloves currently unavailable)
MR       .....                  (boots currently unavailable)
Stlth    ++........             (no amulet)
Regen    0.2/turn               o - ring of poison resistance
MPRegen  0.2/turn               (no ring)

@: lethally poisoned (0 -> 0), spider-form, very slow
A: carnivore 3
a: End Transformation, Bend Time, Temporal Distortion, Renounce Religion


You were on level 8 of the Dungeon.
You worshipped Cheibriados.
Cheibriados was most pleased with you.
You were very full.
You were a venomous arachnid creature.
You visited 1 branch of the dungeon, and saw 8 of its levels.

You collected 282 gold pieces.

Inventory:

Missiles
 a - 32 arrows
 q - 15 tomahawks (quivered)
 y - 18 bolts
Armour
 b - a +0 robe (melded)
 t - a +0 pair of boots (melded)
Jewellery
 o - a ring of poison resistance (left front leg)
Wands
 r - a wand of disintegration (15/24)
 s - a wand of flame (14/48)
 v - a wand of confusion (17/48)
 x - a wand of clouds (4/9)
Scrolls
 f - 2 scrolls of amnesia
 g - 8 scrolls of identify
 h - 3 scrolls of magic mapping
 i - 2 scrolls of enchant weapon
 l - 2 scrolls of remove curse
 m - a scroll of immolation {unknown}
 n - a scroll of recharging
Potions
 j - a potion of experience {unknown}
 k - 4 potions of might
 p - 4 potions of curing
 w - 2 potions of lignification
Books
 c - a book of Changes

   Spells                             Type                      Level
   a - Beastly Appendage              Transmutation                1
   b - Sticks to Snakes               Transmutation                2
   c - Spider Form                    Transmutation/Poison         3
   d - Ice Form                       Ice/Transmutation            4
   e - Blade Hands                    Transmutation                5
Comestibles
 d - 4 meat rations
 u - 2 royal jellies


   Skills:
 + Level 5.4 Fighting
 + Level 6.4 Dodging
 + Level 5.6 Unarmed Combat
 - Level 2.1 Spellcasting
 + Level 9.4 Transmutations


You had 6 spell levels left.
You knew the following spells:

 Your Spells              Type           Power        Failure   Level  Hunger
a - Beastly Appendage     Tmut           #####.       2%          1    None
b - Sticks to Snakes      Tmut           #####...     3%          2    ##.....
c - Spider Form           Tmut/Pois      ###.......   16%         3    ###....


Dungeon Overview and Level Annotations

Branches:
Dungeon (8/15)             Temple (0/1) D:6
   Lair: D:8-11

Altars:
Cheibriados
Hepliaklqana
Uskayaw
Vehumet

Shops:
D:4 (**}   D:6 [

Annotations:
D:6 Grinder


Innate Abilities, Weirdness & Mutations

You are small and have problems with some larger weapons.
You are carnivorous and can eat meat at any time.


Message History

* * * LOW HITPOINT WARNING * * *
The orc misses you.
The orc warrior hits your adder with a battleaxe!
Your adder dies!
Okay, then.
Okay, then.
Evoke which item? (* to show all) (? for menu, Esc to quit)
You have no means to grasp a wand firmly enough.
You miss something.
* * * LOW HITPOINT WARNING * * *
You feel sick.
The centaur shoots an arrow.
The arrow hits your water moccasin! Something hits your ball python.
Your ball python dies!
Your water moccasin bites the centaur.
Something barely misses you. The orc completely misses you.
You bite something!
The centaur shoots an arrow.
The arrow hits your water moccasin!
Your water moccasin bites the centaur.
The centaur unwields an uncursed shortbow.
The centaur misses your water moccasin. Something hits you.
You die...

..
......##..........##.###
..####.....##.. ...^..
...
#..#.o...............
##.#
...........##.#.#... ...
.##..5#..o§)...#.#.#..
..
........##S###........ .
....?.....)).5<..# . #
#....##o..###{###.#
##.#...##(###s###.# ##
###.....5(o....#...
###...o...S......
#........c...#
#..........###
#.........## ###.......#
#.......# #.......#


You could see an orc warrior, a centaur, 2 crimson imps, an orc and a friendly
water moccasin.

Vanquished Creatures
  A two-headed ogre (D:8)
  Duvessa (D:7)
  A water moccasin (D:7)
  4 ogres
  A big kobold (D:7)
  A water moccasin zombie (D:6)
  Dowan (D:7)
  A wyvern skeleton (D:7)
  4 killer bees (D:7)
  2 howler monkeys
  2 orc priests
  A jelly (D:5)
  A hound (D:3)
  7 orc wizards
  4 worker ants
  A hound zombie (D:3)
  A howler monkey zombie (D:6)
  A gnoll (D:1)
  10 adders
  A shadow imp (D:6)
  4 oozes
  An adder skeleton (D:4)
  4 dart slugs
  5 leopard geckos
  26 orcs
  5 giant cockroaches
  3 goblins
  12 hobgoblins
  3 jackals (D:5)
  4 quokkas
  2 ball pythons
  7 bats
  6 frilled lizards
  6 kobolds
  10 rats
144 creatures vanquished.

Vanquished Creatures (collateral kills)
  Menkaure (D:7)
  A necrophage (D:6)
  An ogre (D:7)
  A killer bee (D:7)
  An orc priest (D:7)
  A worker ant (D:6)
  A shadow imp (D:6)
7 creatures vanquished.

Grand Total: 151 creatures vanquished

Notes
Turn   | Place    | Note
-------+----------+-------------------------------------------
     0 | D:1      | renl the Kobold Transmuter began the quest for the Orb.
     0 | D:1      | Reached XP level 1. HP: 12/12 MP: 3/3
    25 | D:1      | Reached XP level 2. HP: 9/16 MP: 5/5
   360 | D:1      | Reached skill level 3 in Transmutations
   782 | D:1      | Learned a level 2 spell: Sticks to Snakes
   796 | D:1      | Reached XP level 3. HP: 18/20 MP: 2/6
   813 | D:1      | Learned a level 3 spell: Spider Form
  1360 | D:1      | Reached XP level 4. HP: 11/25 MP: 5/7
  1566 | D:1      | Reached skill level 4 in Transmutations
  2492 | D:2      | Reached XP level 5. HP: 15/29 MP: 8/8
  2540 | D:3      | Reached skill level 5 in Transmutations
  3029 | D:3      | Reached XP level 6. HP: 34/34 MP: 5/9
  3075 | D:3      | Reached skill level 6 in Transmutations
  3336 | D:3      | Found a hazy altar of Hepliaklqana.
  3349 | D:3      | Found a snail-covered altar of Cheibriados.
  3352 | D:3      | Found a radiant altar of Vehumet.
  3357 | D:3      | Became a worshipper of Cheibriados the Contemplative
  3693 | D:4      | Found Hiss's Gadget Emporium.
  3693 | D:4      | Found Vumnenk's Assorted Antiques.
  3832 | D:4      | Found Alainer's Antique Weapon Shop.
  3994 | D:4      | Found Ilokhoni's General Store.
  4291 | D:5      | Entered Level 5 of the Dungeon
  4326 | D:5      | Reached * piety under Cheibriados
  4439 | D:5      | Reached XP level 7. HP: 33/38 MP: 7/10
  4520 | D:5      | Reached skill level 7 in Transmutations
  4593 | D:5      | Reached skill level 8 in Transmutations
  4773 | D:5      | Reached ** piety under Cheibriados
  5096 | D:6      | Found Vuovim's Antique Armour Shoppe.
  5135 | D:6      | Reached XP level 8. HP: 25/43 MP: 9/11
  5506 | D:6      | Found a staircase to the Ecumenical Temple.
  5641 | D:6      | Noticed Grinder
  5872 | D:7      | Noticed Duvessa
  5931 | D:7      | Noticed Dowan
  5938 | D:7      | Killed Duvessa
  5946 | D:7      | Killed Dowan
  5953 | D:7      | Noticed Menkaure
  6238 | D:7      | Killed Menkaure
  6567 | D:7      | Reached XP level 9. HP: 47/52 MP: 7/12
  6587 | D:7      | Found a hide-covered altar of Uskayaw.
  6592 | D:7      | Reached skill level 5 in Dodging
  6597 | D:7      | Reached *** piety under Cheibriados
  6602 | D:7      | Reached skill level 9 in Transmutations
  6725 | D:7      | Reached skill level 5 in Unarmed Combat
  7102 | D:8      | Noticed a two-headed ogre
  7116 | D:8      | Killed a two-headed ogre
  7116 | D:8      | Reached skill level 5 in Fighting
  7179 | D:8      | HP: 2/54 [something (6)]
  7181 | D:8      | Slain by an orc wizard

Skill      XL: |  1  2  3  4  5  6  7  8  9 |
---------------+----------------------------+-----
Transmutations | 3 4 5 6 8 9 |  9.4
Fighting       | 3 5 |  5.4
Dodging        | 4 6 |  6.4
Unarmed Combat | 4 5 |  5.6
Spellcasting   | |  2.1

Action                   |  1- 3 |  4- 6 |  7- 9 || total
-------------------------+-------+-------+-------++-------
Melee: Unarmed           |    90 |   277 |   211 ||   578
       Kick              |    12 |     9 |       ||    21
       Punch             |     1 |     3 |       ||     4
       Headbutt          |     2 |     4 |     2 ||     8
 Cast: Beastly Appendage |    12 |    16 |     3 ||    31
       Sticks to Snakes  |     1 |       |    18 ||    19
       Spider Form       |       |    19 |    26 ||    45
  Use: Scroll            |       |    16 |       ||    16
       Potion            |       |       |     3 ||     3
 Stab: Distracted        |     1 |       |     2 ||     3
       Sleeping          |     1 |     5 |     2 ||     8
  Eat: Chunk             |    10 |    14 |     8 ||    32
Armor: Robe              |    15 |    20 |     3 ||    38
       Skin              |       |     8 |     5 ||    13
Dodge: Dodged            |    80 |   240 |   185 ||   505
